 Dungeon Crawl Stone Soup version 0.24-a0-525-g9231cdc (webtiles) character file.

Game seed: 9779053246215981194

11439 relicbr the Transmogrifier (level 11, -2/117 HPs)
             Began as a Troll Transmuter on Aug 3, 2019.
             Was an Elder of Wu Jian.
             Slain by an 11-headed hydra (9 damage)
             ... on level 1 of the Lair of Beasts.
             The game lasted 00:32:01 (10012 turns).

relicbr the Transmogrifier (Troll Transmuter)      Turns: 10012, Time: 00:32:01

Health: -2/117     AC:  9    Str: 20    XL:     11   Next: 49%
Magic:  6/11       EV: 10    Int: 17    God:    Wu Jian [****..]
Gold:   463        SH:  0    Dex: 15    Spells: 4/12 levels left

rFire    + + .     SeeInvis .     - Unarmed
rCold    + . .     Gourm    +   (shield currently unavailable)
rNeg     . . .     Faith    +   b - +3 robe of Folly {Archmagi, MR-- Int+5}
rPois    .         Spirit   .   (helmet restricted)
rElec    .         Reflect  .   k - scarf {rC+ rF+}
rCorr    .         Harm     .   (gloves unavailable)
MR       .....                  (boots unavailable)
Stlth    +.........             w - amulet of faith
HPRegen  0.69/turn              x - ring of protection from fire (curse)
MPRegen  0.12/turn              q - +5 ring of dexterity

@: blade hands, serpent's lash
A: large, unfitting armour, claws 3, fast metabolism 3, gourmand, regeneration
1, shaggy fur 1, tough skin 3
a: End Transformation, Wall Jump, Serpent's Lash, Renounce Religion


You were on level 1 of the Lair of Beasts.
You worshipped Wu Jian.
Wu Jian was greatly pleased with you.
You were very full.
You had blades for hands.
You visited 3 branches of the dungeon, and saw 12 of its levels.

You collected 463 gold pieces.

Inventory:

Hand Weapons
 o - a +0 shortbow
Missiles
 j - 72 arrows
Armour
 b - the +3 robe of Folly (worn) {Archmagi, MR-- Int+5}
   (You found it on level 7 of the Dungeon)

   It affects your intelligence (+5).
   It affects your resistance to hostile enchantments.
 k - a scarf of resistance (worn)
 v - a +2 robe of magic resistance
Jewellery
 q - a +5 ring of dexterity (right scythe-like blade)
 w - an amulet of faith (around neck)
 x - a cursed ring of protection from fire (left scythe-like blade)
Wands
 i - a wand of iceblast (12)
 n - a wand of random effects (21)
 y - a wand of flame (30)
 F - a wand of polymorph (4)
Scrolls
 a - 3 scrolls of enchant armour {unknown}
 e - a scroll of blinking {unknown}
 g - 3 scrolls of remove curse
 h - 2 scrolls of enchant weapon
 l - 4 scrolls of magic mapping {unknown}
 u - a scroll of fog {unknown}
 D - a scroll of teleportation
 E - a scroll of brand weapon {unknown}
Potions
 c - 3 potions of flight
 f - a potion of haste
 m - a potion of cancellation
 r - 2 potions of invisibility
 s - 2 potions of berserk rage
 t - a potion of agility {unknown}
 z - a potion of degeneration {unknown}
 B - 2 potions of curing
 C - 3 potions of heal wounds
Miscellaneous
 A - a phantom mirror
Comestibles
 d - 30 rations


   Skills:
 - Level 10.1 Fighting
 - Level 1.5 Dodging
 * Level 6.2 Unarmed Combat
 - Level 1.2 Spellcasting
 - Level 10.1 Transmutations


You had 4 spell levels left.
You knew the following spells:

 Your Spells              Type           Power        Failure   Level  Hunger
a - Beastly Appendage     Tmut           ######       11%         1    ##.....
b - Sticks to Snakes      Tmut           ######..     12%         2    ###....
d - Blade Hands           Tmut           ######....   45%         5    ######.

Your spell library contained the following spells:

 Spells                   Type           Power        Failure   Level  Hunger
 Spider Form              Tmut/Pois      ####......   41%         3    ####...
 Ice Form                 Ice/Tmut       ####....     69%         4    #####..


Dungeon Overview and Level Annotations

Branches:
Dungeon (11/15)            Temple (1/1) D:6            Lair (1/6) D:11
    Orc (0/2) D:11

Altars:
Ashenzari
Cheibriados
Dithmenos
Elyvilon
Fedhas
Gozag
Hepliaklqana
Kikubaaqudgha
Makhleb
Nemelex Xobeh
Okawaru
Qazlal
Sif Muna
Trog
Uskayaw
Vehumet
Wu Jian
Xom
Yredelemnul
Zin
The Shining One

Annotations:
D:3 Jessica
D:6 dillon's ghost, novice MfTm
D:7 Harold
D:8 exclusion: oklob plant


Innate Abilities, Weirdness & Mutations

You are too large for most types of armour.
You have claws for hands.
Your metabolism is lightning-fast.
You like to eat raw meat.
Your natural rate of healing is unusually fast.
You are covered in fur. (AC +1)
You have extremely tough skin. (AC +3)


Message History

The 11-headed hydra bites you!
* * * LOW HITPOINT WARNING * * *
The 11-headed hydra bites you.
* * * LOW HITPOINT WARNING * * *
The 11-headed hydra barely misses you.
The 11-headed hydra completely misses you.
The 11-headed hydra misses you.
The 11-headed hydra bites you but does no damage.
The 11-headed hydra bites you.
* * * LOW HITPOINT WARNING * * *
The 11-headed hydra bites you.
* * * LOW HITPOINT WARNING * * *
You barely miss the 11-headed hydra.
The 11-headed hydra is severely wounded.
The 11-headed hydra bites you.
* * * LOW HITPOINT WARNING * * *
The 11-headed hydra bites you!
* * * LOW HITPOINT WARNING * * *
The 11-headed hydra bites you!
You die...

#......... .
##......... ..
#..........
...##..........
.....#.........
#............
#...........
#.@.......
#..D......
#.........
#.........
#.###P#### ##
##


You could see a 11-headed hydra.

Vanquished Creatures
  A hydra (D:8)
  2 two-headed ogres
  A manticore (D:11)
  A troll (D:9)
  Prince Ribbit (D:8)
  2 dream sheep (D:8)
  Sigmund (D:2)
  A water elemental (D:11)
  A vampire (D:10)
  6 yaks
  4 fire bats (D:10)
  A hungry ghost (D:11)
  A steam dragon (D:10)
  A two-headed ogre zombie (D:11)
  A hell hound (D:10)
  Duvessa (D:7)
  2 ice beasts
  4 orc warriors
  3 sky beasts
  2 black bears
  4 centaurs
  6 ogres
  3 phantoms
  3 big kobolds (D:8)
  2 bullfrogs
  A wyvern zombie (D:9)
  A water moccasin zombie (D:5)
  A scorpion (D:6)
  2 troll zombies (D:11)
  9 killer bees
  5 wights
  An electric eel (D:11)
  6 crimson imps
  2 lava snakes (D:10)
  2 centaur zombies
  2 jellies
  2 bullfrog skeletons
  4 orc priests
  5 hounds
  6 orc wizards
  Natasha (thrice) (D:2)
  6 iguanas
  6 worker ants
  5 ogre zombies (D:11)
  A worker ant zombie (D:7)
  7 gnolls
  10 adders
  4 shadow imps
  An ooze (D:7)
  3 worms
  A dart slug (D:3)
  6 leopard geckos
  29 orcs
  2 ball pythons
  5 giant cockroaches
  5 goblins
  10 hobgoblins
  2 jackals (D:3)
  3 quokkas
  4 bats
  4 frilled lizards
  2 goblin skeletons (D:11)
  A goblin zombie (D:11)
  A hobgoblin skeleton (D:11)
  A hobgoblin zombie (D:11)
  8 kobolds
  A leopard gecko skeleton (D:5)
  4 orc skeletons (D:11)
  16 orc zombies (D:11)
  2 quokka skeletons
  A quokka zombie (D:5)
  6 rats
  A spectral orc (D:8)
  A fire vortex (D:10)
  A plant (D:11)
267 creatures vanquished.

Vanquished Creatures (collateral kills)
  A two-headed ogre (D:8)
  A hippogriff (D:8)
  A yak (D:8)
  An ogre (D:7)
  Dowan (D:7)
  A wight (D:6)
  A centaur zombie (D:7)
  An orc wizard (D:8)
  A plant (D:8)
9 creatures vanquished.

Vanquished Creatures (others)
  A centaur skeleton (D:6)
  2 fire vortices (D:10)
3 creatures vanquished.

Grand Total: 279 creatures vanquished

Notes
Turn   | Place    | Note
-------+----------+-------------------------------------------
     0 | D:1      | relicbr the Troll Transmuter began the quest for the Orb.
     0 | D:1      | Reached XP level 1. HP: 18/18 MP: 1/1
   181 | D:1      | Reached XP level 2. HP: 26/26 MP: 0/2
   776 | D:2      | Noticed Natasha
   779 | D:2      | Noticed a crimson imp
   787 | D:2      | Noticed a crimson imp
   787 | D:2      | Killed Natasha
   787 | D:2      | Reached XP level 3. HP: 19/32 MP: 1/3
   831 | D:2      | Noticed Natasha
   836 | D:2      | Killed Natasha
   836 | D:2      | Reached XP level 4. HP: 37/40 MP: 2/4
  1003 | D:2      | Found a glowing silver altar of Zin.
  1003 | D:2      | Found a stormy altar of Qazlal.
  1025 | D:2      | Noticed Natasha
  1032 | D:2      | Killed Natasha
  1112 | D:2      | Noticed Sigmund
  1143 | D:2      | Killed Sigmund
  1143 | D:2      | Reached XP level 5. HP: 27/46 MP: 5/5
  1267 | D:2      | Reached XP level 6. HP: 54/54 MP: 4/6
  1508 | D:3      | Reached skill level 5 in Transmutations
  1690 | D:3      | Noticed Jessica
  1702 | D:3      | You fall into a shaft and drop 2 floors!
  1702 | D:5      | Entered Level 5 of the Dungeon
  1727 | D:5      | Learned a level 2 spell: Sticks to Snakes
  2207 | D:5      | Reached XP level 7. HP: 56/61 MP: 5/7
  3118 | D:6      | Reached XP level 8. HP: 40/68 MP: 6/8
  3437 | D:6      | Found a white marble altar of Elyvilon.
  3540 | D:6      | Found a staircase to the Ecumenical Temple.
  3611 | Temple   | Entered the Ecumenical Temple
  3700 | Temple   | Became a worshipper of the Wu Jian Council
  3783 | D:7      | Found a shimmering altar of Xom.
  4064 | D:7      | Noticed Dowan
  4065 | D:7      | Noticed Duvessa
  4085 | D:7      | Killed Dowan
  4126 | D:7      | Killed Duvessa
  4238 | D:7      | Found the +3 robe of Folly {Archmagi, MR-- Int+5}
  4286 | D:7      | Noticed Harold
  4984 | D:7      | Learned a level 3 spell: Spider Form
  5110 | D:7      | Noticed dillon's ghost (novice MfTm)
  5111 | D:7      | Found a runed translucent door.
  5355 | D:7      | Reached * piety under Wu Jian
  5362 | D:7      | Reached XP level 9. HP: 66/75 MP: 9/9
  5540 | D:8      | Noticed a two-headed ogre
  5551 | D:8      | Killed a two-headed ogre
  5570 | D:8      | Reached skill level 10 in Transmutations
  5680 | D:8      | Reached skill level 1 in Fighting
  5943 | D:8      | Noticed Prince Ribbit
  5987 | D:8      | Killed Prince Ribbit
  5987 | D:8      | Reached skill level 5 in Fighting
  6039 | D:8      | Found a basalt altar of Yredelemnul.
  6135 | D:8      | Found a blossoming altar of Fedhas.
  6148 | D:8      | Noticed an oklob plant
  6358 | D:8      | Noticed a three-headed hydra
  6508 | D:8      | Reached XP level 10. HP: 93/96 MP: 8/10
  6522 | D:8      | Killed a ten-headed hydra
  6710 | D:9      | Found an opulent altar of Gozag.
  6834 | D:9      | Reached ** piety under Wu Jian
  6881 | D:9      | Found a shattered altar of Ashenzari.
  6960 | D:9      | Learned a level 5 spell: Blade Hands
  7143 | D:9      | HP: 4/102 [killer bee (6)]
  7710 | D:10     | Entered Level 10 of the Dungeon
  8107 | D:10     | Reached *** piety under Wu Jian
  8174 | D:10     | Noticed a two-headed ogre
  8179 | D:10     | Killed a two-headed ogre
  8486 | D:10     | Reached XP level 11. HP: 106/115 MP: 5/11
  8722 | D:11     | Reached skill level 10 in Fighting
  8948 | D:11     | Reached **** piety under Wu Jian
  9072 | D:11     | Found a staircase to the Lair.
  9174 | D:11     | Reached skill level 5 in Unarmed Combat
  9240 | D:11     | Found a staircase to the Orcish Mines.
  9385 | D:11     | Noticed a two-headed ogre
  9392 | D:11     | Killed a two-headed ogre
 10007 | Lair:1   | Entered Level 1 of the Lair of Beasts
 10007 | Lair:1   | Noticed an eight-headed hydra
 10012 | Lair:1   | Slain by an 11-headed hydra

Levels and vault maps discovered:
D:1:      sevenhm_arrival_forest_fort_large_2, layout_loops_ring,
          minmay_crystal_water
D:2:      layout_basic, minitemple, uniq_natasha, uniq_sigmund
D:3:      layout_basic, first_ration, portal_sewer_entry_d, uniq_jessica
D:5:      layout_basic
D:6:      layout_rooms, lemuel_round_altar, lemuel_temple_firewalk_b,
          minmay_misc_feat_more_columns, minmay_diced_spiral
D:7:      layout_basic, xom_teletrap_fun, ebering_ghost_inner_flame,
          uniq_harold, uniq_duvessa
D:8:      layout_cave_pools, yredelemnul_forgotten_temple_becter,
          hangedman_ranch [blue_anna_fruit_fields],
          chequers_serial_rivers_room_a, tgw_fedhas, uniq_prince_ribbit1
D:9:      layout_loops_cross, evilmike_ruin_ashenzari,
          nicolae_overflow_crystal_walls
D:10:     layout_rooms, hangedman_incinerator
D:11:     layout_basic, dpeg_oklobed_lair, zombieorc2_lemuel, minivault_4
Temple:   zaba_magenta_temple
Lair:1:   layout_roguey, grunt_megastairs_2

Skill      XL: |  1  2  3  4  5  6  7  8  9 10 11 |
---------------+----------------------------------+-----
Transmutations | 2 3 4 5 7 9 10 | 10.1
Fighting       | 5 9 10 | 10.1
Unarmed Combat | 6 |  6.2
Dodging        | |  1.5
Spellcasting   | |  1.2

Action                   |  1- 3 |  4- 6 |  7- 9 | 10-12 || total
-------------------------+-------+-------+-------+-------++-------
Melee: Unarmed           |    58 |   126 |   327 |   412 ||   923
       Kick              |     2 |     8 |    24 |     6 ||    40
       Headbutt          |       |     8 |    28 |    17 ||    53
       Punch             |       |     1 |       |     8 ||     9
Throw: Throwing net      |       |       |       |     1 ||     1
 Cast: Beastly Appendage |     8 |    21 |    37 |    14 ||    80
       Sticks to Snakes  |       |     3 |    31 |     2 ||    36
       Spider Form       |       |       |     1 |     2 ||     3
       Blade Hands       |       |       |       |    19 ||    19
Invok: Lunge             |       |       |     9 |    17 ||    26
       Whirlwind         |       |       |     1 |     6 ||     7
       Serpent's Lash    |       |       |       |     1 ||     1
 Abil: Wall Jump         |       |       |       |     2 ||     2
Evoke: Wand              |       |       |       |     9 ||     9
  Use: Scroll            |       |     5 |     8 |     3 ||    16
       Potion            |       |       |     2 |     6 ||     8
 Stab: Distracted        |       |       |     2 |       ||     2
       Sleeping          |       |       |       |     2 ||     2
  Eat: Chunk             |     3 |    21 |    39 |    46 ||   109
       Ration            |     1 |       |       |       ||     1
Armor: Robe              |    14 |    58 |   103 |   155 ||   330
       Skin              |       |       |     1 |       ||     1
Dodge: Dodged            |    28 |    87 |   163 |   228 ||   506

Table legend:
 A = Non-vault XP
 B = Vault XP
 C = Vault XP percentage of total XP
 D = Non-vault monster count
 E = Vault monster count
 F = Vault count percentage of total count
                 A         B        C        D         E       F
            +---------+---------+-------+---------+---------+-------
      Total |   11794 |    4548 |  27.8 |     209 |      62 |  22.9
            +---------+---------+-------+---------+---------+-------
        D:1 |      20 |       0 |   0.0 |      13 |       0 |   0.0
        D:2 |     104 |     256 |  71.1 |      19 |       2 |   9.5
        D:3 |     108 |       0 |   0.0 |      24 |       0 |   0.0
        D:5 |     351 |       0 |   0.0 |      13 |       0 |   0.0
        D:6 |     856 |     136 |  13.7 |      20 |       4 |  16.7
        D:7 |     842 |     184 |  17.9 |      26 |       3 |  10.3
        D:8 |    1515 |    2147 |  58.6 |      13 |      10 |  43.5
        D:9 |    1507 |       0 |   0.0 |      21 |       0 |   0.0
       D:10 |    2834 |    1035 |  26.8 |      35 |       7 |  16.7
       D:11 |    3657 |     790 |  17.8 |      25 |      36 |  59.0
            +---------+---------+-------+---------+---------+-------
